 Dungeon Crawl Stone Soup version 0.29-a0-878-g7b45a56547 (webtiles) character file.

Game seed: 17669977973373960881

3114 tatocazan the Covert (level 9, -2/64 HPs)
             Began as an Octopode Brigand on July 19, 2022.
             Was a Believer of Wu Jian.
             Slain by an acid dragon (9 damage)
             ... on level 9 of the Dungeon.
             The game lasted 00:15:13 (11806 turns).

tatocazan the Covert (Octopode Brigand)            Turns: 11806, Time: 00:15:14

Health: -2/64      AC:  5    Str: 11      XL:     9   Next: 91%
Magic:  9/9        EV: 17    Int: 12 (13) God:    Wu Jian [**....]
Gold:   410        SH:  0    Dex: 17      Spells: 8/8 levels left

rFire   . . .      SeeInvis .   n - +1 dagger (elec)
rCold   . . .      Faith    .   (no shield)
rNeg    . . .      Spirit   .   (helmet restricted)
rPois   .          Reflect  .   (no amulet)
rElec   .          Harm     .   o - +4 ring of evasion
rCorr   .          Rampage  .   u - +4 ring of protection
Will    .....                   (no ring)
Stlth   +++.......              (no ring)
HPRegen 0.20/turn               (no ring)
MPRegen 0.11/turn               (no ring)
                                (no ring)
                                (no ring)

@: confused, about to teleport
A: almost no armour, amphibious, 8 rings, camouflage 1, gelatinous body 1,
(nimble swimmer 1), tentacles
a: Renounce Religion, Wall Jump


You were on level 9 of the Dungeon.
You worshipped Wu Jian.
Wu Jian was pleased with you.
You visited 2 branches of the dungeon, and saw 10 of its levels.

You collected 410 gold pieces.

Inventory:

Hand Weapons
 i - a +6 dagger
 n - a +1 dagger of electrocution (weapon)
 s - a +0 short sword of venom
Missiles
 b - 25 poisoned darts
 c - 2 curare-tipped darts (quivered)
 k - 4 throwing nets
Jewellery
 o - a +4 ring of evasion (left tentacle)
 p - a ring of ice
 u - a +4 ring of protection (right tentacle)
 w - the ring "Cyrrall" {rF- Int+7 SInv}
   (You found it on level 5 of the Dungeon)

   [ring of see invisible]

   Int:       It affects your intelligence (+7).
   rF:        It makes you vulnerable to fire.
   SInv:      It lets you see invisible.
Wands
 r - a wand of light (15)
 x - a wand of roots (10)
 A - a wand of polymorph (10)
Scrolls
 f - 10 scrolls of identify
 l - a scroll of teleportation
 t - a scroll of amnesia
 y - a scroll of enchant weapon
Potions
 d - 6 potions of mutation
 e - 2 potions of resistance
 h - 2 potions of degeneration
 j - 2 potions of lignification
 m - a potion of flight


   Skills:
 + Level 7.0 Fighting
 + Level 7.9 Short Blades
 - Level 2.0 Throwing
 - Level 1.0 Dodging
 * Level 13.5 Stealth


You had 8 spell levels left.
You didn't know any spells.
Your spell library contained the following spells:

 Spells                   Type           Power      Damage    Failure   Level
 Apportation              Tloc           0%         N/A       32%         1
 Sublimation of Blood     Necr           0%         N/A       45%         2
 Wereblood                Tmut           0%         N/A       45%         2
 Petrify                  Tmut/Erth      0%         N/A       97%         4
 Alistair's Intoxication  Tmut/Pois      0%         N/A       100%        5
 Irradiate                Conj/Tmut      0%         3d11      100%        5
 Summon Forest            Summ/Tloc      0%         N/A       100%        5
 Summon Mana Viper        Hex/Summ       0%         N/A       100%        5
 Summon Cactus Giant      Summ           0%         N/A       100%        6
 Summon Hydra             Summ           0%         N/A       100%        7
 Borgnjor's Revivificati  Necr           0%         N/A       100%        8
 Necromutation            Tmut/Necr      0%         N/A       100%        8
 Death's Door             Necr           0%         N/A       100%        9


Dungeon Overview and Level Annotations

Branches:
Dungeon (9/15)             Temple (1/1) D:5
   Lair: D:8-11         Orc: D:9-12

Altars:
Ashenzari
Cheibriados
Dithmenos
Elyvilon
Fedhas
Gozag
Hepliaklqana
Kikubaaqudgha
Makhleb
Nemelex Xobeh
Okawaru
Qazlal
Ru
Sif Muna
Trog
Uskayaw
Vehumet
Wu Jian
Xom
Yredelemnul
Zin
The Shining One

Annotations:
D:6 1 runed translucent door, Crazy Yiuf


Innate Abilities, Weirdness & Mutations

You cannot wear most types of armour.
You are amphibious.
You can wear up to eight rings at the same time.
Your skin changes colour to match your surroundings (Stealth+).
Your rubbery body absorbs attacks. (AC +1, EV +1)
((You are camouflaged when in or above water. (Stealth+)))
You have tentacles for arms and can constrict up to eight enemies at once.


Message History

You kill the orc priest!
The Council accepts your kill. The orc misses you.
The orc wizard closely misses you. The orc barely misses you.
The orc wizard hits you with a +0 dagger.
* * * LOW HITPOINT WARNING * * *
The acid dragon barely misses you. The acid dragon misses you.
You take 2 damage, and have 7/64 hp.
You spin and attack the acid dragon repeatedly.
You hit the acid dragon but do no damage.
Lightning courses through the acid dragon!
The acid dragon is heavily wounded.
You hit the acid dragon.
The acid dragon is heavily wounded.
You spin and attack the orc wizard.
You closely miss the orc wizard. You grab the orc wizard.
You squeeze the orc wizard, but do no damage.
The orc wizard is heavily wounded.
You spin and attack the orc wizard.
You hit the orc wizard.
The orc wizard is moderately wounded.
You constrict the orc wizard.
The orc wizard gestures at you while chanting.
The magic dart hits you.
* * * LOW HITPOINT WARNING * * *
The orc wizard gestures at you while chanting.
You are confused.
The acid dragon spits acid at you. The splash of acid misses you.
The splash of acid hits the orc wizard!!
The acid corrodes the orc wizard!
The orc wizard dies!
Things that are here:
a +0 club; a +0 hand axe; an orc corpse You take 1 damage, and have 6/64 hp.
You release your grip on the orc wizard.
The orc attacks as you move away! The orc barely misses you.
The acid dragon misses you. The acid dragon barely misses you.
The acid dragon attacks as you move away!
The acid dragon bites you!
You die...

*,,,,,,,,,,,,,**,**#.......
*,,,,.....,,,,*,,* #.......
*,,,,,....,,,,*,** ###'####
*,,,,,,...,,,,+,* ##))#
*,,,,,,,..,,,,*** #))##
********#.***** #)##
***######.##########'######
*,,........D...##..........
*,,.......@oo..##..........
*,,........o...##..........
*,,............)#..........
*,,........................
*,,............##..........
*,,............##..........
***+##################+####
**,* *,*** *,,* *,,,*


You could see an acid dragon (catching breath), an orc wizard and 2 orcs.

Vanquished Creatures
  Prince Ribbit (D:7)
  2 steam dragons
  2 ice beasts
  An orc warrior (D:9)
  A sky beast (D:7)
  3 centaurs
  2 ogres
  2 phantoms (D:6)
  3 kobold brigands
  5 scorpions
  3 bullfrogs
  3 killer bees (D:8)
  A howler monkey (D:5)
  An electric eel (D:7)
  A jelly (D:6)
  3 hounds
  5 orc priests
  A gnoll bouda (D:5)
  3 iguanas
  6 orc wizards
  Robin (D:4)
  5 gnolls
  5 adders
  A shadow imp (D:5)
  4 white imps
  A worm (D:3)
  4 dart slugs
  30 orcs
  3 ball pythons
  4 bats
  6 endoplasms
  3 giant cockroaches
  11 hobgoblins
  14 jackals
  17 kobolds
  5 quokkas
  5 frilled lizards
  15 goblins
  3 rats
  A bush (D:6)
187 creatures vanquished.

Vanquished Creatures (others)
  A wizard (D:5)
  An orc wizard (D:9)
  A hobgoblin (D:4)
  A plant (D:6)
4 creatures vanquished.

Grand Total: 191 creatures vanquished

Notes
Turn   | Place    | Note
-------+----------+-------------------------------------------
     0 | D:1      | tatocazan the Octopode Brigand began the quest for the Orb.
     0 | D:1      | Reached XP level 1. HP: 14/14 MP: 1/1
   228 | D:1      | Reached XP level 2. HP: 16/19 MP: 2/2
   789 | D:1      | Found a faded altar of an unknown god.
   816 | D:1      | Reached XP level 3. HP: 23/25 MP: 3/3
  1482 | D:2      | Found a glowing golden altar of the Shining One.
  2329 | D:3      | Reached XP level 4. HP: 17/30 MP: 4/4
  2691 | D:3      | Reached skill level 6 in Stealth
  3201 | D:4      | Reached XP level 5. HP: 32/36 MP: 5/5
  4016 | D:4      | Reached XP level 6. HP: 34/42 MP: 6/6
  4211 | D:4      | Noticed Robin
  4232 | D:4      | Reached skill level 7 in Stealth
  4234 | D:4      | Killed Robin
  4490 | D:4      | Reached skill level 5 in Short Blades
  4693 | D:4      | Reached XP level 7. HP: 25/48 MP: 7/7
  5182 | D:5      | Entered Level 5 of the Dungeon
  6469 | D:5      | Reached skill level 8 in Stealth
  6914 | D:5      | Reached XP level 8. HP: 51/54 MP: 8/8
  7591 | D:5      | Reached skill level 9 in Stealth
  7896 | D:5      | Found a staircase to the Ecumenical Temple.
  7901 | D:5      | Identified the ring "Cyrrall" {rF- Int+7 SInv}
  7990 | Temple   | Entered the Ecumenical Temple
  8229 | Temple   | Became a worshipper of the Wu Jian Council
  8379 | D:5      | Found a bloodstained altar of Trog.
  8382 | D:5      | Noticed a wizard
  8387 | D:5      | Killed a wizard
  8510 | D:6      | Found Ivaloem's Assorted Antiques.
  8576 | D:6      | Reached skill level 5 in Fighting
  8592 | D:6      | Reached skill level 10 in Stealth
  8889 | D:6      | Found a runed translucent door.
  8890 | D:6      | Noticed Crazy Yiuf
  9130 | D:6      | Reached * piety under Wu Jian
  9258 | D:7      | Noticed Prince Ribbit
  9679 | D:7      | Reached skill level 11 in Stealth
  9775 | D:7      | Reached XP level 9. HP: 40/62 MP: 9/9
  9943 | D:7      | Killed Prince Ribbit
 10248 | D:7      | Reached skill level 12 in Stealth
 11315 | D:8      | Reached skill level 13 in Stealth
 11785 | D:9      | Reached ** piety under Wu Jian
 11806 | D:9      | Slain by an acid dragon

Illustrated notes

Levels and vault maps discovered:
D:1:      dpeg_arrival_round_b, layout_loops_corners,
          shapermc_ecumenical_altar_pompeii, ebering_dispersal_statue_hall
D:2:      layout_loops_ring, basic_altar
D:3:      layout_loops_ring
D:4:      layout_loops_corners, uniq_robin
D:5:      minmay_skewed_foursquare, layout_cave_pools, trog_wizard,
          minmay_temple_entry_nine_rooms, corexii_leaking_fountain,
          hangedman_decor_growths, grunt_decor_junction
D:6:      layout_basic, serial_shops, shop, lexackson_kobold_supper,
          uniq_crazy_yiuf_cottage
D:7:      layout_loops_cross, st_stairs_14, fountainhead, hangedman_decor_push,
          grunt_ministairs_12, uniq_prince_ribbit1
D:8:      layout_basic, lemuel_flamethrower_2
D:9:      layout_roguey, enter_bailey_4
Temple:   mainiacjoe_temple_starburst

Skill      XL: |  1  2  3  4  5  6  7  8  9 |
---------------+----------------------------+-----
Short Blades   | 3 4 5 6 7 |  7.9
Stealth        | 6 7 8 11 13 | 13.5
Fighting       | 3 4 5 7 |  7.0
Throwing       | |  2.0
Dodging        | |  1.0

Action                   |  1- 3 |  4- 6 |  7- 9 || total
-------------------------+-------+-------+-------++-------
Melee: Dagger            |    83 |   142 |   245 ||   470
       Constrict         |    16 |    32 |    30 ||    78
       Tentacles         |    20 |    26 |    62 ||   108
       Punch             |       |     4 |     3 ||     7
Throw: Dart              |       |     1 |    24 ||    25
Invok: Lunge             |       |       |    14 ||    14
       Whirlwind         |       |       |     8 ||     8
  Use: Scroll            |     9 |     5 |     5 ||    19
       Potion            |       |     2 |     6 ||     8
 Stab: Sleeping          |    11 |    11 |    30 ||    52
       Distracted        |       |     1 |     2 ||     3
Armor: Skin              |    10 |     4 |    29 ||    43
Dodge: Dodged            |    41 |    88 |   164 ||   293

Table legend: (Time is in decaauts)
 A = Elapsed time spent in this place.
 B = Non-inter-level travel time spent in this place.
 C = Inter-level travel time spent in this place.
 D = Time resting spent in this place.
 E = Time spent auto-exploring this place.
 F = Levels seen in this place.
 G = Mean time per level.
                   A        B        C        D        E       F      G
               +--------+--------+--------+--------+--------+-----+--------+
         Total |  11689 |  11205 |    484 |   4255 |   5623 |  10 | 1168.9 |
       Dungeon |  11376 |  10949 |    427 |   4255 |   5378 |   9 | 1264.0 |
        Temple |    312 |    255 |     57 |      0 |    245 |   1 |  312.0 |
               +--------+--------+--------+--------+--------+-----+--------+

Top non-repeatable levels by time:
     D:4: 3390 daAuts
     D:5: 1641 daAuts
     D:7: 1279 daAuts
     D:1: 1206 daAuts
     D:6: 1116 daAuts
     D:2: 1037 daAuts
     D:3: 852 daAuts
     D:8: 802 daAuts
  Temple: 312 daAuts
     D:9: 48 daAuts
